 Dungeon Crawl Stone Soup version 0.31-a0-188-g5e087ee2ca (webtiles) character file.

Game seed: 6114009240916750031

84 qw the Shooter (level 4, -9/25 HPs)
             Began as a Deep Elf Hunter on June 23, 2023.
             Mangled by a gnoll
             ... wielding a +0 halberd
              (15 damage)
             ... on level 3 of the Dungeon.
             The game lasted 00:00:42 (1763 turns).

qw the Shooter (Deep Elf Hunter)                    Turns: 1763, Time: 00:00:42

Health: -9/25      AC:  4    Str:  9 (10) XL:     4   Next: 23%
Magic:  6/6        EV: 12    Int: 12 (14) God:
Gold:   108        SH:  0    Dex: 15 (18) Spells: 3/3 levels left

rFire   . . .        Y - +2 shortbow (chaos)
rCold   . . .        (shield currently unavailable)
rNeg    . . .        c - +0 leather armour
rPois   .            b - +0 helmet
rElec   .            g - scarf {repulsion}
rCorr   .            (no gloves)
SInv    .            (no boots)
Will    .....        (no amulet)
Stlth   ++           (no ring)
HPRegen 0.24/turn    (no ring)
MPRegen 0.10/turn

%: repel missiles
@: no status effects
A: no striking features
a: no special abilities


You were on level 3 of the Dungeon.
You visited 1 branch of the dungeon, and saw 3 of its levels.

You collected 108 gold pieces.


   Skills:
 - Level 1.5 Fighting
 + Level 7.6 Ranged Weapons
 - Level 2.4 Dodging
 - Level 1.2 Stealth


You had 3 spell levels left.
You didn't know any spells.
Your spell library was empty.

Inventory:

Hand Weapons
 Y - a +2 shortbow of chaos (weapon)
Armour
 a - a +0 ring mail
 b - a +0 helmet (worn)
 c - a +0 leather armour (worn)
 f - a +2 cloak
 g - a scarf of repulsion (worn)
Potions
 d - a potion of might {unknown}
 e - a potion of lignification {unknown}
 i - a potion of mutation {unknown}
 j - a potion of cancellation {unknown}

Dungeon Overview and Level Annotations

Branches:
Dungeon (3/15)

Altars:


Message History

You see here a +0 leather armour.
a - a +0 ring mail
Things that are here:
a +0 short sword; an orc corpse You now have 108 gold pieces (gained 13).
A gnoll comes into view. It is wielding a +0 flail.
The gnoll shouts!
You hear a shout!
Enter note:
Enter note:
Enter note: You shoot an arrow.
The arrow closely misses the gnoll.
A gnoll comes into view. It is wielding a +0 whip.
You shoot an arrow. The arrow hits the gnoll.
The arrow burns the gnoll.
The gnoll is heavily wounded.
A gnoll comes into view. It is wielding a +0 club.
You shoot an arrow. The arrow hits the gnoll.
The gnoll is moderately wounded.
You shoot an arrow. The arrow completely misses the gnoll.
A gnoll comes into view. It is wielding a +0 halberd.
You shoot an arrow. The arrow barely misses the gnoll.
The gnoll shouts!
You shoot an arrow. The arrow hits the gnoll.
The gnoll is heavily wounded.
The gnoll hits you with a +0 club.
You shoot an arrow. The arrow hits the gnoll.
You feel better.
The gnoll is severely wounded.
The gnoll hits you but does no damage. The gnoll misses you.
You shoot an arrow.
The arrow hits the gnoll but does no damage.
The gnoll resists with some effort.
The gnoll is severely wounded.
The gnoll hits you with a +0 whip.
The gnoll hits you from afar with a +0 halberd!
The gnoll closely misses you. The gnoll hits you with a +0 club.
You shoot an arrow. The arrow hits the gnoll.
The arrow freezes the gnoll.
You kill the gnoll!
The gnoll closely misses you.
The gnoll hits you from afar with a +0 halberd!
Ouch! That really hurt!
You die...

.. .. #. .
#.###.###.
........
#..#.#.#.. ..
....g.#
#..###.gg# #
#......)@###....
...............#
#####..####....
## #............
#.##..####..##..
#..............
##.............
#...#..###.#.#.#
#...#..###...#.#


You could see 3 gnolls.

Vanquished Creatures
  Robin (D:2)
  An adder (D:2)
  A gnoll (D:3)
  A worm (D:2)
  A dart slug (D:1)
  An orc (D:3)
  5 endoplasms
  A giant cockroach (D:1)
  12 goblins
  6 hobgoblins
  3 quokkas (D:1)
  6 ball pythons
  2 bats (D:1)
  5 frilled lizards
  6 kobolds (D:1)
  4 rats
56 creatures vanquished.

Vanquished Creatures (others)
  A goblin (D:2)
1 creature vanquished.

Grand Total: 57 creatures vanquished

Notes
Turn   | Place    | Note
-------+----------+-------------------------------------------
     0 | D:1      | qw the Deep Elf Hunter began the quest for the Orb.
     0 | D:1      | Reached XP level 1. HP: 12/12 MP: 3/3
     0 | D:1      | 0 ||| qw: Version: 0.3-a-9-g12657ce
     0 | D:1      | 0 ||| qw: Game counter: 3902
     0 | D:1      | 0 ||| qw: Always use a shield: true
     0 | D:1      | 0 ||| qw: God list: Okawaru
     0 | D:1      | 0 ||| qw: Allow faded altars: false
     0 | D:1      | 0 ||| qw: Do Orc after D:15 true
     0 | D:1      | 0 ||| qw: Do second Lair branch before Depths: true
     0 | D:1      | 0 ||| qw: Lair rune preference: random
     0 | D:1      | 0 ||| qw: Plans: Normal
     0 | D:1      | 0 ||| PLANNING D:1-11
   168 | D:1      | Reached XP level 2. HP: 16/16 MP: 4/4
   270 | D:1      | Reached skill level 6 in Ranged Weapons
   983 | D:1      | 983 ||| UPGRADING to +2 cloak.
   988 | D:1      | 988 ||| READING scroll labelled MIKIALA XILLETER.
   989 | D:1      | 989 ||| READING scroll labelled REATIL TIOTH.
   990 | D:1      | 990 ||| DRINKING 2 bubbling sapphire potions.
   991 | D:1      | 991 ||| DRINKING 2 metallic amethyst potions.
   992 | D:1      | 992 ||| DROPPING scroll of butterflies.
   993 | D:1      | 993 ||| DROPPING potion of degeneration.
  1013 | D:2      | 1013 ||| STAIRDANCE
  1122 | D:2      | Reached XP level 3. HP: 20/20 MP: 5/5
  1168 | D:2      | Noticed Robin
  1181 | D:2      | Killed Robin
  1182 | D:2      | Reached skill level 7 in Ranged Weapons
  1187 | D:2      | HP: 4/20 [goblin/+0 dagger[Robin] (4)]
  1188 | D:2      | 1188 ||| DRINKING potion of heal wounds.
  1446 | D:2      | Reached XP level 4. HP: 25/25 MP: 6/6
  1636 | D:2      | 1636 ||| UPGRADING to +0 helmet.
  1641 | D:2      | 1641 ||| UPGRADING to scarf of repulsion.
  1651 | D:2      | 1651 ||| READING scroll labelled FAL WAGYUKH.
  1652 | D:2      | 1652 ||| READING scroll labelled ASEUDA MUDASE.
  1653 | D:2      | 1653 ||| READING scroll labelled ZUESEE KYSIENLUY.
  1728 | D:3      | 1728 ||| READING scroll of enchant weapon.
  1728 | D:3      | 1728 ||| ENCHANTING +1 shortbow of chaos.
  1762 | D:3      | HP: 6/25 [gnoll/+0 club (1)]
  1763 | D:3      | Mangled by a gnoll

Levels and vault maps discovered:
D:1:      minmay_arrival_five_plusses, layout_basic, minivault_5
D:2:      layout_rooms, grunt_ministairs_4, uniq_robin
D:3:      layout_basic, shapermc_ecumenical_altar_venn

Skill      XL: |  1  2  3 |
---------------+----------+-----
Ranged Weapons | 6 7 |  7.6
Fighting       | |  1.5
Dodging        | |  2.4
Stealth        | |  1.2

Action                     |  1- 3 |  4- 6 || total
---------------------------+-------+-------++-------
   Fire: Shortbow          |   113 |    35 ||   148
    Use: Potion            |     3 |       ||     3
         Scroll            |     2 |     4 ||     6
 Armour: Leather armour    |    16 |     4 ||    20
  Dodge: Dodged            |    28 |    14 ||    42

Table legend:
 A = Non-vault XP
 B = Vault XP
 C = Vault XP percentage of total XP
 D = Non-vault monster count
 E = Vault monster count
 F = Vault count percentage of total count
                 A         B        C        D         E       F
            +---------+---------+-------+---------+---------+-------
      Total |      82 |      52 |  38.8 |      43 |      13 |  23.2
            +---------+---------+-------+---------+---------+-------
        D:1 |      37 |       0 |   0.0 |      23 |       0 |   0.0
        D:2 |      28 |      52 |  65.0 |      18 |      13 |  41.9
        D:3 |      17 |       0 |   0.0 |       2 |       0 |   0.0
            +---------+---------+-------+---------+---------+-------
